 Dungeon Crawl Stone Soup version 0.21-a0-251-g5e8393f (webtiles) character file.

32 tidbits the Insei (level 2, 0/22 HPs)
             Began as a Demigod Transmuter on Sept 5, 2017.
             Slain by a kobold
             ... wielding a +0 short sword
              (6 damage)
             ... on level 2 of the Dungeon.
             The game lasted 00:06:43 (730 turns).

tidbits the Insei (Demigod Transmuter)               Turns: 730, Time: 00:06:44

Health: 0/22       AC:  2    Str: 13    XL:     2   Next: 96%
Magic:  3/7        EV: 12    Int: 17    God:
Gold:   145        SH:  0    Dex: 16    Spells: 2/5 levels left

rFire    . . .     SeeInvis .     - Unarmed
rCold    . . .     Gourm    .   (no shield)
rNeg     . . .     Faith    .   b - +0 robe
rPois    .         Spirit   .   (no helmet)
rElec    .         Reflect  .   (no cloak)
rCorr    .         Harm     .   (no gloves)
MR       .....                  (boots currently unavailable)
Stlth    +.........             (no amulet)
HPRegen  0.07/turn              (no ring)
MPRegen  0.10/turn              (no ring)

@: appendage (expiring)
A: talons 3, high mp 1
a: End Transformation


You were on level 2 of the Dungeon.
You were not hungry.
You had grown temporary talons.
You visited 1 branch of the dungeon, and saw 2 of its levels.

You collected 145 gold pieces.

Inventory:

Missiles
 a - 15 arrows
Armour
 b - a +0 robe (worn)
Scrolls
 e - a scroll of identify {unknown}
 g - a scroll of magic mapping {unknown}
Books
 c - a book of Changes

   Spells                             Type                      Level
   a - Beastly Appendage              Transmutation                1
   b - Sticks to Snakes               Transmutation                2
   c - Spider Form                    Transmutation/Poison         3
   d - Ice Form                       Ice/Transmutation            4
   e - Blade Hands                    Transmutation                5
Comestibles
 d - a bread ration
 f - a royal jelly
 h - a chunk of flesh


   Skills:
 - Level 0.8 Fighting
 - Level 1.7 Dodging
 * Level 3.3 Unarmed Combat
 - Level 2.0 Spellcasting
 + Level 2.2 Transmutations


You had 2 spell levels left.
You knew the following spells:

 Your Spells              Type           Power        Failure   Level  Hunger
e - Beastly Appendage     Tmut           #.....       8%          1    #......
k - Sticks to Snakes      Tmut           #.......     12%         2    ###....


Dungeon Overview and Level Annotations

Branches:
Dungeon (2/15)


Innate Abilities, Weirdness & Mutations

You have an increased reservoir of magic. (+10% MP)
You have claws for feet.


Message History

You hit the fungus.
The fungus is moderately damaged.
Your ball python bites the fungus.
Your ball python constricts the fungus.
You hit the fungus.
The fungus is heavily damaged.
Your ball python bites the fungus.
Your ball python constricts the fungus.
You hit the fungus.
The fungus is severely damaged.
Your ball python bites the fungus.
Your ball python constricts the fungus.
You hit the fungus but do no damage.
The fungus is severely damaged.
Your ball python bites the fungus.
Your ball python constricts the fungus.
You hit the fungus.
The fungus is almost destroyed.
Your ball python loses its grip on the fungus.
Your ball python withers and dies!
You hit the fungus but do no damage.
The fungus is almost destroyed.
You hit the fungus.
The fungus is almost destroyed.
You hit the fungus.
The fungus is almost destroyed.
Casting: Beastly Appendage
Confirm with . or Enter, or press ? or * to list all spells.
You grow a pair of large bovine horns.
You hit the fungus.
You destroy the fungus!
You now have 39 gold pieces (gained 10).
You now have 57 gold pieces (gained 18).
Your transformation is almost over.
You now have 72 gold pieces (gained 15).
You now have 91 gold pieces (gained 19).
You now have 97 gold pieces (gained 6).
You now have 107 gold pieces (gained 10).
Your horns disappear.
You now have 117 gold pieces (gained 10).
You now have 129 gold pieces (gained 12).
You now have 145 gold pieces (gained 16).
Magic restored.
You are feeling hungry.
There is a stone staircase leading down here.
Okay, then.
Things that are here:
a hobgoblin corpse; a goblin corpse Butcher a hobgoblin corpse? [(y)es/(c)hoosy/(n)o/(a)ll/(e)dible/(q)uit/?]
Butcher a goblin corpse? [(y)es/(c)hoosy/(n)o/(a)ll/(e)dible/(q)uit/?]
Okay, then.
You butcher the hobgoblin corpse.
h - 2 chunks of flesh You see here a goblin corpse.
Unknown command.
Eat one of 2 chunks of flesh? (ye/n/q)
You eat one of the 2 chunks of flesh.
This raw flesh tastes terrible.
There is a stone staircase leading down here.
Search for what [? for help]? .
Saving game... please wait.
Welcome back, tidbits the Demigod Transmuter.
Press ? for a list of commands and other information.
You climb downwards.
A kobold comes into view. It is wielding a short sword.
Found 19 bolts.
There is a stone staircase leading up here.
A quokka comes into view.
Cast which spell? (? or * to list)
You create a snake!
You now have 16 arrows.
Casting: Sticks to Snakes
Confirm with . or Enter, or press ? or * to list all spells.
Your feet morph into talons.
The kobold shouts!
A slug dart appears from out of your range of vision.
The slug dart hits your adder.
A dart slug comes into view.
Your adder closely misses the quokka.
The quokka bites you.
Your adder barely misses the quokka.
Found a helmet.
You miss the quokka. The quokka bites you.
Your adder bites the quokka but does no damage.
Your adder closely misses the quokka.
The quokka bites you.
Unknown command.
Casting: Beastly Appendage
Confirm with . or Enter, or press ? or * to list all spells.
You don't know that spell.
Casting: Beastly Appendage
Confirm with . or Enter, or press ? or * to list all spells.
You create a snake!
You now have 15 arrows.
The kobold hits you with a short sword.
* * * LOW HITPOINT WARNING * * *
Your adder misses the quokka. The quokka barely misses you.
Unknown command.
Your transformation is almost over.
Your adder closely misses the quokka.
Your adder bites the quokka.
The kobold hits you with a short sword.
* * * LOW HITPOINT WARNING * * *
Unknown command.
There is a stone staircase leading up here.
Unknown command.
You hit the kobold but do no damage.
Your ball python misses the quokka.
Your ball python grabs the quokka.
Your ball python constricts the quokka.
The kobold hits you with a short sword.
You die...

#.######
#.....@##+#+##
..######K.....#
#rSS...#
#......#
#.(....#
#.w.....#
#.......#
#.......+
#.......#


You could see a dart slug, a quokka, a kobold, a friendly adder and a friendly
ball python.

Vanquished Creatures
  A dart slug (D:1)
  A leopard gecko (D:1)
  2 bats (D:1)
  A giant cockroach (D:1)
  3 goblins (D:1)
  4 hobgoblins (D:1)
  7 jackals (D:1)
  A kobold (D:1)
  A frilled lizard (D:1)
  A fungus (D:1)
22 creatures vanquished.

Vanquished Creatures (collateral kills)
  A leopard gecko (D:1)
  A goblin (D:1)
  A hobgoblin (D:1)
  A jackal (D:1)
  A ball python (D:1)
  A frilled lizard (D:1)
  A rat (D:1)
7 creatures vanquished.

Grand Total: 29 creatures vanquished

Notes
Turn   | Place    | Note
-------+----------+-------------------------------------------
     0 | D:1      | tidbits the Demigod Transmuter began the quest for the Orb.
     0 | D:1      | Reached XP level 1. HP: 15/15 MP: 5/5
    31 | D:1      | Reached skill level 2 in Spellcasting
    75 | D:1      | Reached skill level 3 in Unarmed Combat
    75 | D:1      | Reached XP level 2. HP: 12/22 MP: 4/7
    79 | D:1      | Learned a level 2 spell: Sticks to Snakes
   320 | D:1      | Reached skill level 2 in Transmutations
   730 | D:2      | Slain by a kobold

Vault maps used:
D:1:      erik_arrival_triangle_small, minmay_gold_behind_fungi, minivault_25,
          roderic_roman_lattice
D:2:      lemuel_crystal_altar, okawaru_metal_pillars_1_2, uniq_sigmund

Skill      XL: |  1  2 |
---------------+-------+-----
Spellcasting   | 2 |  2.0
Unarmed Combat | 3 |  3.3
Transmutations | 2 |  2.2
Fighting       | |  0.8
Dodging        | |  1.7

Action                   || total
-------------------------++-------
Melee: Unarmed           ||    78
       Kick              ||    15
       Punch             ||     2
       Headbutt          ||     2
 Cast: Beastly Appendage ||    18
       Sticks to Snakes  ||    12
 Stab: Sleeping          ||     3
       Distracted        ||     2
  Eat: Chunk             ||     1
Armor: Robe              ||     5
Dodge: Dodged            ||    40

Table legend:
 A = Spawn XP
 B = Non-spawn XP
 C = Spawn XP percentage of total XP
 D = Spawn monster count
 E = Non-spawn monster count
 F = Spawn count percentage of total count
 G = Total turns spent on level
                    A         B        C        D         E        F      G
               +---------+---------+-------+---------+---------+-------+---------
         Total |       1 |      46 |   2.1 |       1 |      27 |   3.6 |   730
               +---------+---------+-------+---------+---------+-------+---------
           D:1 |       1 |      46 |   2.1 |       1 |      27 |   3.6 |   719
               +---------+---------+-------+---------+---------+-------+---------

Table legend:
 A = Turns spent in this place as a percentage of turns spent in the entire game.
 B = Non-inter-level travel turns spent in this place as a percentage of non-inter-level travel turns spent in the entire game.
 C = Inter-level travel turns spent in this place as a percentage of turns spent in this place.
 D = Turns resting spent in this place as a percentage of non-inter-level travel turns spent in this place.
 E = Turns spent auto-exploring this place as a percentage of non-inter-level travel turns spent in this place.
 F = Non-inter-level travel turns spent in this place divided by the number of levels of this place that you've seen.
                   A       B       C       D       E      F
               +-------+-------+-------+-------+-------+----------------------
         Total | 100.0 | 100.0 |  11.8 |   0.0 |   0.0 | 322.0
       Dungeon | 100.0 | 100.0 |  11.8 |   0.0 |   0.0 | 322.0
               +-------+-------+-------+-------+-------+----------------------

Table legend:
 A = Kills in this place as a percentage of kills in entire the game.
 B = Kills by you in this place as a percentage of kills by you in the entire game.
 C = Kills by friends in this place as a percentage of kills by friends in the entire game.
 D = Other kills in this place as a percentage of other kills in the entire game.
 E = Experience gained in this place as a percentage of experience gained in the entire game.
 F = Experience gained in this place divided by the number of levels of this place that you have seen.
                   A       B       C       D       E      F
               +-------+-------+-------+-------+-------+----------------------
         Total | 100.0 | 100.0 | 100.0 |   N/A | 100.0 |  23.5
       Dungeon | 100.0 | 100.0 | 100.0 |   N/A | 100.0 |  23.5
               +-------+-------+-------+-------+-------+----------------------

Vault maps used:
D:1:      erik_arrival_triangle_small, minmay_gold_behind_fungi, minivault_25,
          roderic_roman_lattice
D:2:      lemuel_crystal_altar, okawaru_metal_pillars_1_2, uniq_sigmund
